 Dungeon Crawl Stone Soup version 0.28.0-53-g5a82cb258f (webtiles) character file.

Game seed: 5869499516324277220

3465 mcbry74 the Destroyer (level 9, 0/59 (62) HPs)
             Began as a Yellow Draconian Conjurer on June 24, 2022.
             Was a Follower of Vehumet.
             Slain by a wight
             ... wielding a +0 spear
              (4 damage)
             ... on level 7 of the Dungeon.
             The game lasted 00:53:18 (9345 turns).

mcbry74 the Destroyer (Yellow Draconian Conjurer)   Turns: 9345, Time: 00:53:19

HP:   0/59 (62)     AC: 10    Str:  9    XL:     9   Next: 78%
MP:   16/16         EV: 16    Int: 22    God:    Vehumet [*.....]
Gold: 45            SH:  0    Dex: 19    Spells: 10/17 levels left

rFire   . . .      SeeInvis .   w - staff of conjuration
rCold   . . .      Faith    .   (no shield)
rNeg    . . .      Spirit   .   (armour unavailable)
rPois   +          Reflect  .   (helmet restricted)
rElec   .          Harm     .   D - +2 cloak
rCorr   +          Rampage  .   (no gloves)
Will    .....                   (no boots)
Stlth   ++........              u - amulet "Urghuis" {RegenMP Str-2 Dex+10}
HPRegen 0.19/turn               a - +4 ring of evasion
MPRegen 0.55/turn               h - ring of poison resistance

@: marked, on berserk cooldown, slowed, lightly drained, very slow
A: spit acid, AC +7, unfitting armour, cold-blooded, acid resistance
a: Breathe Acid, Renounce Religion


You were on level 7 of the Dungeon.
You worshipped Vehumet.
Vehumet was aware of your devotion.
You visited 2 branches of the dungeon, and saw 8 of its levels.

You collected 246 gold pieces.
You spent 201 gold pieces at shops.

Inventory:

Hand Weapons
 l - a +0 short sword of freezing
 s - a +0 broad axe
 t - a +0 trident of protection
Missiles
 F - 4 boomerangs
Armour
 D - a +2 cloak (worn)
Magical Staves
 w - a staff of conjuration (weapon)
Jewellery
 a - a +4 ring of evasion (left hand)
 h - a ring of poison resistance (right hand)
 u - the amulet "Urghuis" (around neck) {RegenMP Str-2 Dex+10}
   (You took it off a gnoll on level 5 of the Dungeon)

   [amulet of magic regeneration]

   It increases your rate of magic regeneration.
   Str:       It affects your strength (-2).
   Dex:       It affects your dexterity (+10).
 x - an amulet of magic regeneration
 A - a ring of wizardry
Wands
 p - a wand of iceblast (11)
 z - a wand of digging (6)
 B - a wand of polymorph (3)
Scrolls
 d - 4 scrolls of identify
 e - 5 scrolls of enchant weapon
 i - a scroll of vulnerability
 j - a scroll of noise {unknown}
 k - a scroll of silence
 m - 2 scrolls of blinking {unknown}
 r - 2 scrolls of summoning {unknown}
 y - a scroll of acquirement {unknown}
 G - a scroll of magic mapping {unknown}
Potions
 b - 2 potions of flight
 n - a potion of lignification {unknown}
 o - 2 potions of mutation {unknown}
 q - a potion of haste {unknown}
 v - a potion of brilliance {unknown}
 C - a potion of degeneration {unknown}
 E - a potion of invisibility


   Skills:
 + Level 4.8 Staves
 - Level 1.7 Dodging
 - Level 1.7 Stealth
 - Level 2.1 Unarmed Combat
 - Level 4.9 Spellcasting
 * Level 11.4 Conjurations
 + Level 4.9 Evocations


You had 10 spell levels left.
You knew the following spells:

 Your Spells              Type           Power      Damage    Failure   Level
a - Magic Dart            Conj           100%       1d8       1%          1
b - Searing Ray           Conj           100%       2d8       1%          2
c - Fulminant Prism       Conj/Hex       22%        3d13      10%         4

Your spell library contained the following spells:

 Spells                   Type           Power      Damage    Failure   Level
 Shock                    Conj/Air       100%       1d9       1%          1
 Dazzling Flash           Conj/Hex       90%        N/A       3%          3
 Iskenderun's Mystic Bla  Conj/Tloc      45%        2d10      10%         4
 Corpse Rot               Necr/Air       10%        N/A       16%         2
 Ensorcelled Hibernation  Hex/Ice        10%        N/A       16%         2
 Passwall                 Tmut/Erth      4%         N/A       16%         2
 Call Canine Familiar     Summ           5%         N/A       30%         3
 Portal Projectile        Hex/Tloc       10%        N/A       30%         3
 Swiftness                Air            5%         N/A       30%         3
 Dispel Undead            Necr           5%         3d7       71%         4
 Leda's Liquefaction      Hex/Erth       2%         N/A       71%         4
 Starburst                Conj/Fire      22%        6d8       83%         6
 Death Channel            Necr           2%         N/A       100%        6


Dungeon Overview and Level Annotations

Branches:
Dungeon (7/15)             Temple (1/1) D:6

Altars:
Ashenzari
Cheibriados
Dithmenos
Elyvilon
Fedhas
Gozag
Hepliaklqana
Kikubaaqudgha
Makhleb
Nemelex Xobeh
Okawaru
Qazlal
Ru
Sif Muna
Trog
Uskayaw
Vehumet
Wu Jian
Xom
Yredelemnul
Zin
The Shining One

Shops:
D:1 ?   D:6 [

Annotations:
D:4 3 runed translucent doors, mcbry74's ghost, amateur MfGl
D:7 Maggie


Innate Abilities, Weirdness & Mutations

You can spit globs of acid.
Your golden yellow scales are hard. (AC +7)
You cannot fit into any form of body armour.
You are cold-blooded and may be slowed by cold attacks.
You are resistant to acid. (rCorr)


Message History

The wight misses you.
You barely miss something. The wight barely misses you. Something hits you.
You closely miss something. You tail-slap something.
The wight completely misses you. Something barely misses you.
You hit something.
You blast something!
Vehumet accepts your kill.
Reactivating autopickup.
You feel a bit more experienced. The wight closely misses you.
The wight hits you from afar with a +0 spear.
You hit the orc but do no damage.
You blast the orc.
The orc is heavily wounded.
You flicker for a moment.
The wight hits you from afar with a +0 spear.
* * * LOW HITPOINT WARNING * * *
You feel drained.
* * * LOW HITPOINT WARNING * * *
Maggie gives herself a magical halo, but it quickly sputters out.
The orc misses you.
You hit the orc.
The orc is severely wounded.
The wight hits you from afar with a +0 spear.
* * * LOW HITPOINT WARNING * * *
The orc misses you. The wight closely misses you.
You hit the orc.
You blast the orc.
The orc is almost dead.
The orc misses you. The wight completely misses you.
The orc closely misses you.
You hit the orc but do no damage. You tail-slap the orc.
You kill the orc!
Vehumet accepts your kill. The wight closely misses you. The wight misses you.
You completely miss the orc.
Your tail-slap misses the orc.
Your punch misses the orc.
The orc is almost dead.
You flicker back into view.
The orc closely misses you.
The wight hits you from afar with a +0 spear!
* * * LOW HITPOINT WARNING * * *
You feel drained.
You die... ### #@# #o# .Zz

.##h@
..
...
..
.##.
...
#. ..
#.. .
..


You could see Maggie, a black bear, a wight, an orc and a bullfrog skeleton.

Vanquished Creatures
  Pikel (D:6)
  A water moccasin (D:7)
  Duvessa (D:6)
  An orc warrior (D:7)
  An ice beast (D:5)
  An ogre (D:6)
  3 phantoms
  4 lemures (D:6)
  A kobold brigand (D:7)
  2 bullfrogs
  2 scorpions
  A water moccasin zombie (D:5)
  Dowan (D:6)
  5 killer bees (D:7)
  2 wights (D:7)
  A howler monkey (D:5)
  3 jellies
  A centaur zombie (D:5)
  2 bullfrog zombies (D:5)
  A gnoll shaman (D:7)
  5 hounds
  3 bullfrog skeletons
  2 centaur skeletons (D:5)
  3 iguanas
  4 orc wizards
  A howler monkey zombie (D:5)
  9 gnolls
  9 adders
  2 white imps (D:5)
  4 worms
  13 orcs
  7 ball pythons
  4 endoplasms
  3 giant cockroaches
  5 hobgoblins
  3 jackals (D:5)
  8 kobolds
  A quokka (D:1)
  6 bats
  2 frilled lizards
  5 goblins
  7 rats
141 creatures vanquished.

Vanquished Creatures (others)
  Harold (D:7)
  7 fulminant prisms
  A fungus (D:4)
  3 plants (D:4)
12 creatures vanquished.

Grand Total: 153 creatures vanquished

Notes
Turn   | Place    | Note
-------+----------+-------------------------------------------
     0 | D:1      | mcbry74 the Draconian Conjurer began the quest for the Orb.
     0 | D:1      | Reached XP level 1. HP: 14/14 MP: 3/3
   323 | D:1      | Reached XP level 2. HP: 20/20 MP: 3/5
   453 | D:1      | Found a faded altar of an unknown god.
   765 | D:1      | Found Quggihaj's Magic Scroll Emporium.
   772 | D:1      | Bought a scroll of identify for 20 gold pieces
  1027 | D:2      | Reached skill level 5 in Conjurations
  1066 | D:2      | Reached XP level 3. HP: 26/26 MP: 4/6
  1804 | D:2      | Reached XP level 4. HP: 21/33 MP: 0/7
  1909 | D:2      | Learned a level 2 spell: Searing Ray
  2937 | D:3      | Learned a level 4 spell: Fulminant Prism
  3679 | D:4      | Noticed a phantom
  3799 | D:4      | Reached skill level 6 in Conjurations
  3799 | D:4      | Reached XP level 5. HP: 38/38 MP: 6/9
  3891 | D:4      | Found a runed translucent gate.
  3891 | D:4      | Found a runed translucent gate.
  3891 | D:4      | Found a runed translucent gate.
  3892 | D:4      | Noticed mcbry74's ghost (amateur MfGl)
  4084 | D:4      | Noticed a phantom
  4147 | D:3      | Killed a phantom
  4428 | D:4      | Reached XP level 6. HP: 45/45 MP: 5/11
  4535 | D:4      | Found a stormy altar of Qazlal.
  5055 | D:5      | Entered Level 5 of the Dungeon
  5185 | D:5      | Reached skill level 7 in Conjurations
  5363 | D:5      | Your scales start taking on a golden yellow colour.
  5363 | D:5      | Reached XP level 7. HP: 50/50 MP: 5/13
  5363 | D:5      | Gained mutation: You are resistant to acid. (rCorr) [Yellow
                  | Draconian growth]
  6042 | D:5      | Identified the amulet "Urghuis" {RegenMP Str-2 Dex+10}
  6169 | D:5      | Reached skill level 8 in Conjurations
  6658 | D:5      | Reached skill level 1 in Unarmed Combat
  6952 | D:5      | Reached XP level 8. HP: 57/57 MP: 10/15
  7356 | D:6      | Noticed Duvessa
  7356 | D:6      | Noticed Dowan
  7366 | D:5      | Reached skill level 9 in Conjurations
  7580 | D:6      | Noticed Pikel
  7592 | D:6      | Reached skill level 1 in Staves
  7592 | D:6      | Reached skill level 1 in Evocations
  7772 | D:6      | Killed Pikel
  7874 | D:6      | Found a staircase to the Ecumenical Temple.
  7902 | Temple   | Entered the Ecumenical Temple
  8135 | Temple   | Became a worshipper of Vehumet
  8388 | D:6      | Killed Dowan
  8453 | D:6      | Killed Duvessa
  8454 | D:6      | Reached skill level 10 in Conjurations
  8886 | D:6      | Reached XP level 9. HP: 62/62 MP: 13/16
  8924 | D:6      | Found Huopi's Armour Emporium.
  8927 | D:6      | Bought a +2 cloak for 181 gold pieces
  9251 | D:7      | Noticed Harold
  9268 | D:7      | Noticed Maggie
  9293 | D:7      | Reached * piety under Vehumet
  9293 | D:7      | Offered knowledge of Shock by Vehumet.
  9336 | D:7      | Killed Harold
  9337 | D:7      | Reached skill level 11 in Conjurations
  9345 | D:7      | Slain by a wight

Illustrated notes

Levels and vault maps discovered:
D:1:      mrwooster_arrival_statue_2, layout_loops_ring, serial_shops, shop,
          ebering_ecumenical_altar_mist, st_stairs_6
D:2:      layout_loops_ring, minmay_puff
D:3:      layout_loops_corners, feat_on_display
D:4:      layout_basic, mainiacjoe_overflow_paths,
          gammafunk_ghost_nasty_kobolds, nicolae_elevator_lobby_asterisk
D:5:      minmay_clustersquares, layout_cave_pools, st_stairs_3
D:6:      layout_loops_ring, minmay_temple_entry_arrows, serial_shops,
          kennysheep_mini_moat, uniq_duvessa, uniq_pikel
D:7:      layout_cave_pools, minmay_between, uniq_harold, uniq_menkaure,
          uniq_maggie
Temple:   minmay_crystal_snake_temple

Skill      XL: |  1  2  3  4  5  6  7  8  9 |
---------------+----------------------------+-----
Conjurations   | 5 6 7 8 10 11 | 11.4
Spellcasting   | 3 4 |  4.9
Unarmed Combat | 1 2 |  2.1
Staves         | 3 4 |  4.8
Evocations     | 3 4 |  4.9
Dodging        | |  1.7
Stealth        | |  1.7

Action                   |  1- 3 |  4- 6 |  7- 9 || total
-------------------------+-------+-------+-------++-------
Melee: Unarmed           |     6 |       |       ||     6
       Tailslap          |     2 |     5 |    13 ||    20
       Short sword       |       |    27 |       ||    27
       Trident           |       |     7 |    15 ||    22
       Staff             |       |       |    52 ||    52
       Punch             |       |       |     2 ||     2
 Cast: Magic Dart        |    66 |    41 |    78 ||   185
       Searing Ray       |       |    30 |    40 ||    70
       Fulminant Prism   |       |       |     7 ||     7
 Abil: Breathe Acid      |       |       |     1 ||     1
  Use: Scroll            |       |     6 |     4 ||    10
       Potion            |       |       |     5 ||     5
 Stab: Invisible         |       |       |     2 ||     2
Armor: Skin              |     7 |    13 |    32 ||    52
Dodge: Dodged            |    10 |    35 |   106 ||   151
